 Dungeon Crawl Stone Soup version 0.31-a0-459-gc8a9bf3d51 (webtiles) character file.

Game seed: 13200437835447809995

52 Ethylacetat the Insei (level 3, -1/20 HPs)
             Began as a Vine Stalker Monk on Aug 4, 2023.
             Killed from afar by an orc wizard (8 damage)
             ... with a puff of flame
             ... on level 2 of the Dungeon.
             The game lasted 00:00:48 (1000 turns).

Ethylacetat the Insei (Vine Stalker Monk)           Turns: 1000, Time: 00:00:49

Health: -1/20      AC:  2    Str: 13    XL:     3   Next: 85%
Magic:  0/4        EV: 13    Int: 10    God:
Gold:   80         SH:  0    Dex: 18    Spells: 2/2 levels left

rFire   . .          .
                       - Unarmed
rCold   . . .        c - orb {light}
rNeg    . . .        a - +0 robe
rPois   .            (no helmet)
rElec   .            (no cloak)
rCorr   .            (no gloves)
SInv    .            (no boots)
Will    .....        (no amulet)
Stlth   +            (no ring)
HPRegen 0.23/turn    (no ring)
MPRegen 0.09/turn

%: guardian spirit
@: glowing
A: fangs 2, magic shield, antimagic bite, no potion heal 2
a: no special abilities


You were on level 2 of the Dungeon.
You visited 1 branch of the dungeon, and saw 2 of its levels.

You collected 80 gold pieces.

Inventory:

Armour
 a - a +0 robe (worn)
 c - an orb of light (worn)
Scrolls
 d - 2 scrolls of identify {unknown}
 e - a scroll of noise {unknown}
 f - 2 scrolls of immolation {unknown}
 i - a scroll of vulnerability {unknown}
Potions
 b - a potion of ambrosia
 g - a potion of attraction {unknown}
 h - a potion of might {unknown}


   Skills:
 + Level 3.3 Fighting
 + Level 2.9 Dodging
 + Level 3.6 Unarmed Combat


You had 2 spell levels left.
You didn't know any spells.
Your spell library contained the following spells:

 Spells                   Type           Power      Damage    Failure   Level
 Magic Dart               Conj           0%         1d3       36%         1
 Call Imp                 Summ           0%         N/A       50%         2
 Mephitic Cloud           Conj/Pois/Air  0%         N/A       75%         3


Dungeon Overview and Level Annotations

Branches:
Dungeon (2/15)

Altars:


Innate Abilities, Weirdness & Mutations

You have extremely sharp teeth.
When hurt, damage is shared between your health and your magic reserves.
Your bite disrupts and absorbs the magic of your enemies.
Potions cannot restore your health.


Message History

An orc comes into view. It is wielding a +0 trident.
The orc shouts!
You hear an angry hiss.
An orc wizard comes into view. It is wielding a +0 dagger.
There are monsters nearby!
The orc wizard shouts!
An orc comes into view. It is wielding a +0 flail.
The orc closely misses you.
There are monsters nearby!
You hit the orc.
The orc is heavily wounded.
The orc barely misses you.
You barely miss the orc. You bite the orc.
You kill the orc!
An orc priest comes into view. It is wielding a +0 club.
An orc comes into view. It is wielding a +0 hand axe.
You hit the orc wizard.
You bite the orc wizard, but do no damage.
The orc wizard is lightly wounded.
The orc wizard hits you but does no damage.
You hit the orc wizard.
The orc wizard is heavily wounded.
The orc wizard hits you with a +0 dagger.
The orc priest mumbles some strange prayers to Beogh against you.
Beogh smites you!
Ouch! That really hurt!
* * * LOW HITPOINT WARNING * * *
You closely miss the orc wizard. You bite the orc wizard.
The orc wizard's magic leaks into the air.
You drain its magic.
You feel invigorated.
The orc wizard is heavily wounded.
The orc wizard hits you but does no damage.
The orc hits you but does no damage.
You barely miss the orc wizard. Your bite misses the orc wizard.
The orc wizard is heavily wounded.
The orc barely misses you.
You barely miss the orc wizard.
The orc wizard is heavily wounded.
The orc wizard points at you and mumbles some strange words.
The puff of flame hits you!
You die...

##.... #..# #....
#.....## #.####....
###..##..###...##.... .
#.................... ..
#...$.......###......
#.#.$........†#####....
#..[...................
###.o.oo.......######...
.....o)@................
.##.#....$.....#######..
.......#...##..# #..
##.##..###.###..# ##..
.. #... #.# #)####... ..
##.# ..# .##....) . #.#
... ...#... #.# #.
..#..# #....#


You could see an orc priest, an orc wizard (magic disrupted) and 2 orcs.

Vanquished Creatures
  2 dart slugs (D:1)
  An orc (D:2)
  3 ball pythons
  3 endoplasms (D:1)
  A giant cockroach (D:1)
  3 goblins (D:1)
  2 hobgoblins (D:1)
  7 jackals
  5 quokkas
  4 bats (D:1)
  A frilled lizard (D:1)
  5 kobolds
  6 rats
43 creatures vanquished.

Notes
Turn   | Place    | Note
-------+----------+-------------------------------------------
     0 | D:1      | Ethylacetat the Vine Stalker Monk began the quest for the
                  | Orb.
     0 | D:1      | Reached XP level 1. HP: 11/11 MP: 2/2
    61 | D:1      | Reached XP level 2. HP: 16/16 MP: 3/3
   372 | D:1      | Reached XP level 3. HP: 20/20 MP: 2/4
  1000 | D:2      | Killed from afar by an orc wizard

Illustrated notes

Levels and vault maps discovered:
D:1:      dpeg_arrival_refuge, layout_basic, minmay_misc_feat_tiny
D:2:      layout_rooms

Skill      XL: |  1  2 |
---------------+-------+-----
Fighting       | 3 |  3.3
Dodging        | |  2.9
Unarmed Combat | |  3.6

Action                     || total
---------------------------++-------
  Melee: Unarmed           ||    94
         Bite              ||    32
 Armour: Robe              ||    13
  Dodge: Dodged            ||    51

Table legend: (Time is in decaauts)
 A = Elapsed time spent in this place.
 B = Non-inter-level travel time spent in this place.
 C = Inter-level travel time spent in this place.
 D = Time resting spent in this place.
 E = Time spent auto-exploring this place.
 F = Levels seen in this place.
 G = Mean time per level.
                   A        B        C        D        E       F      G
               +--------+--------+--------+--------+--------+-----+--------+
         Total |    994 |    938 |     56 |      0 |    757 |   2 |  497.0 |
       Dungeon |    994 |    938 |     56 |      0 |    757 |   2 |  497.0 |
               +--------+--------+--------+--------+--------+-----+--------+

Top non-repeatable levels by time:
     D:1: 913 daAuts
     D:2: 81 daAuts
